[Event "Live Chess"]
[Site "Chess.com"]
[Date "2023.05.20"]
[Round "-"]
[White "VovaOvchar1990"]
[Black "amazinggoalkeeper"]
[Result "1-0"]
[WhiteElo "1201"]
[BlackElo "499"]
[TimeControl "300"]
[EndTime "9:32:24 PDT"]
[Termination "VovaOvchar1990 won by resignation"]

1. e4 e5 2. Bc4 Nc6 3. Qf3 f6 4. Nc3 Nd4 5. Qd1 b6 6. d3 Bb7 7.
Nf3 Nxf3+ 8. Qxf3 Bd6 9. Bxg8 Rxg8 10. Qh5+ g6 11. Qxh7 Rf8 12. Qxg6+ Rf7 13. Bh6 Qe7 14.
Qg8+ Rf8 15. Qxf8+ Qxf8 16. Bxf8 Bxf8 17. O-O-O O-O-O 18. Rdg1 a5 19. h4 c6 20. h5 b5 21. h6 Be7 22. h7 Rh8 23. g4 b4 24. Ne2 c5 25.
Rh6 a4 26. Rgh1 Ba6 27. Rg6 Kc7 28. Rg8 1-0

[Event "Live Chess"]
[Site "Chess.com"]
[Date "2023.05.20"]
[Round "-"]
[White "JoshMcK"]
[Black "TheSmoulderingMaster"]
[Result "1-0"]
[WhiteElo "1540"]
[BlackElo "1791"]
[TimeControl "300"]
[EndTime "9:32:25 PDT"]
[Termination "JoshMcK won by resignation"]

1. e4 c5 2. c3 d5 3. exd5 Qxd5 4.
d4 Nc6 5. Nf3 Bg4 6. dxc5 Qxc5 7. Na3 e6 8. Nb5 Rc8 9. Be3 Qh5 10. Nxa7 Nxa7 11. Bxa7 Nf6 12. Qa4+ Nd7 13. Bb5 e5 14. h3 Be6 15. O-O Bd6 16. Rad1 Ke7 17. Rxd6 Kxd6 18. Rd1+ Bd5 19. Bxd7 Ra8 20. Qb4+ Kxd7 21.
Rxd5+ Ke6 22. Rxe5+ Qxe5 23. Nxe5 Kxe5 24. Bd4+ Ke4 25.
Bxg7+ 1-0

[Event "Live Chess"]
[Site "Chess.com"]
[Date "2023.05.20"]
[Round "-"]
[White "ranvir123"]
[Black "SimonB4a"]
[Result "0-1"]
[WhiteElo "837"]
[BlackElo "2176"]
[TimeControl "300"]
[EndTime "9:32:31 PDT"]
[Termination "SimonB4a won on time"]

1. e4 e6 2. d4 d5 3. e5 c5 4. Nf3 cxd4 5. Qxd4 Nc6 6. Bb5 Ne7 7.
O-O Bd7 8. Bxc6 Nxc6 9. Qe3 Be7 10. Rd1 O-O 11. c4 dxc4 12. Nc3 a6 13. Qe4 Qc7 14.
Qxc4 Rac8 15. Qg4 Rfd8 16. Bh6 Bf8 17. Bg5 Be7 18. Bf6 Bf8 19. Bxd8 Rxd8 20. Ne4 Nxe5 21. Nf6+ Kh8 22. Nxe5 Qxe5 23. Nxd7 Qxb2 24. Nxf8 Rxf8 25. Rdb1 Qe5 26. Re1 Qa5 27. a3 b5 28. Qb4 Qd8 29. Red1 Qb8 30. Rd7 h6 31. Rad1 Rg8 32. Qa5 Qe5 33. Rd8 Rxd8 34. Rxd8+ Kh7 35. Rd1 Qb2 36. Qd2 Qf6 37. Qe3 g6 38. Qf3 Qe7 39. Qg3 h5 40.
Qf3 Qe8 41. Qh3 Qe7 42. Qf3 Qe8 43. Qg3 Qf8 44. Qf3 Qe7 45. Rc1 b4 46. h3 bxa3 47.
Ra1 Qb4 0-1

[Event "Live Chess"]
[Site "Chess.com"]
[Date "2023.05.20"]
[Round "-"]
[White "MaximKhimchenko"]
[Black "Ferrarifan27"]
[Result "0-1"]
[WhiteElo "1378"]
[BlackElo "2108"]
[TimeControl "300"]
[EndTime "9:32:33 PDT"]
[Termination "Ferrarifan27 won by resignation"]

1. e4 e5 2. Nf3 Nc6 3. d4 exd4 4.
Nxd4 Qh4 5. Nxc6 Qxe4+ 6. Qe2 Qxe2+ 7. Bxe2 dxc6 8. O-O Nf6 9. Re1 Be6 10. Nc3 O-O-O 11.
Bg5 Be7 12. Bxf6 Bxf6 13. Ne4 Bxb2 14. Rab1 Bd4 15. c3 Bb6 16. a4 Bf5 17. Bf3 Rhe8 18. a5 Bxa5 19. Nc5 Bxb1 20. Rxb1 Bb6 0-1

[Event "Live Chess"]
[Site "Chess.com"]
[Date "2023.05.20"]
[Round "-"]
[White "aliciabutteriss"]
[Black "Chesscoach_Golichenko"]
[Result "0-1"]
[WhiteElo "512"]
[BlackElo "2644"]
[TimeControl "300"]
[EndTime "9:32:38 PDT"]
[Termination "Chesscoach_Golichenko won by checkmate"]

1. e4 c5 2. d4 cxd4 3. Qxd4 Nc6 4. Qd1 Nf6 5. Nc3 d6 6. Bc4 a6 7.
Nf3 e6 8. O-O Be7 9. Ng5 h6 10.
Nf3 O-O 11. Bf4 b5 12. Bb3 Bb7 13. e5 dxe5 14. Qxd8 Rfxd8 15. Bxe5 Nxe5 16. Nxe5 Rac8 17. Rad1 Ne4 18. Rxd8+ Rxd8 19. Nxe4 Bxe4 20. Nc6 Bxc6 21. c3 Rd2 22. Re1 Rxb2 23. Bxe6 fxe6 24. h3 Kf7 25.
Rd1 Bd5 26. Rd4 Bc5 27. Rf4+ Ke7 28. Kh2 Bd6 29. g3 Bxf4 30. gxf4 Rxf2+ 31. Kg3 Rg2+ 32. Kh4 Bf3 33. a3 g5+ 34. fxg5 hxg5# 0-1

[Event "Live Chess"]
[Site "Chess.com"]
[Date "2023.05.20"]
[Round "-"]
[White "RoaringKnights"]
[Black "viktorskliarov"]
[Result "0-1"]
[WhiteElo "918"]
[BlackElo "2644"]
[TimeControl "300"]
[EndTime "9:32:39 PDT"]
[Termination "viktorskliarov won by checkmate"]

1. d4 Nf6 2. Nf3 g6 3. Bf4 Bg7 4. e3 O-O 5. Bd3 d6 6. c3 c5 7. Nbd2 Nc6 8. Qc2 Rb8 9. dxc5 e5 10. Bg3 Nh5 11. cxd6 Nxg3 12. hxg3 Qxd6 13. Ne4 Qe7 14. Ned2 b5 15. a3 a6 16. Be4 Bb7 17. Bxc6 Bxc6 18.
Rb1 Rfd8 19. Qc1 Rd3 20. Ke2 Rbd8 21. Rd1 Qd7 22. Qc2 Qg4 23. b4 e4 24. Rb2 exf3+ 25. gxf3 Rxd2+ 26. Rxd2 Qxf3+ 27. Ke1 Qh1+ 28. Ke2 Bf3# 0-1

[Event "Live Chess"]
[Site "Chess.com"]
[Date "2023.05.20"]
[Round "-"]
[White "Alan_Richardson"]
[Black "siddu198"]
[Result "0-1"]
[WhiteElo "1646"]
[BlackElo "1619"]
[TimeControl "300"]
[EndTime "9:32:41 PDT"]
[Termination "siddu198 won on time"]

1. d4 d5 2. Nf3 Bf5 3. Bf4 Nc6 4.
e3 a6 5. Bd3 Bxd3 6. cxd3 Nf6 7.
Nc3 e6 8. O-O Bd6 9. Bxd6 cxd6 10.
e4 dxe4 11. dxe4 e5 12. Rc1 exd4 13. Nxd4 Nxd4 14. Qxd4 O-O 15. Rfd1 Re8 16. f3 Re6 17. Rc2 Rc8 18. Rcd2 Qa5 19. Qa4 Qc5+ 20. Qd4 Qa5 21. a3 Rd8 22. Qa7 Qc7 23. Nd5 Nxd5 24. Rxd5 f6 25.
Qd4 Kf7 26. f4 Ke7 27. g3 Qc2 28. Qb4 Qxe4 29. Qxb7+ Rd7 30. Qxa6 Qe3+ 31. Kg2 Qe2+ 32. Qxe2 Rxe2+ 33. Kf3 Rxb2 34. Re1+ Kf7 35. Ra1 Rxh2 36.
a4 Rb2 37. a5 Rbb7 38. a6 Ra7 39. Ke4 g6 40. Kd4 Ke6 41. Rda5 Rdc7 42. Re1+ Kd7 43. Rb1 Rc6 44. Rb7+ Rxb7 45. axb7 Kc7 46. Rb5 Rb6 47. Rxb6 Kb8 0-1

[Event "Live Chess"]
[Site "Chess.com"]
[Date "2023.05.20"]
[Round "-"]
[White "Jio85"]
[Black "Kony20"]
[Result "1-0"]
[WhiteElo "2026"]
[BlackElo "1332"]
[TimeControl "300"]
[EndTime "9:32:41 PDT"]
[Termination "Jio85 won by checkmate"]

1. e4 e5 2. Nf3 Nc6 3. Bc4 Be7 4. d4 exd4 5. O-O d6 6. Nxd4 Nf6 7. Nc3 Ne5 8. Bb3 O-O 9. f4 Ng6 10. g3 Bg4 11. Nf3 Re8 12. h3 Bxh3 13. Ng5 Be6 14. Nxe6 fxe6 15. Bxe6+ Kh8 16. Rf2 Ng4 17. Bxg4 Bf6 18.
Rh2 c5 19. Bf5 Bd4+ 20. Kh1 Qf6 21. Qh5 h6 22. Nd5 Nxf4 23. Bxf4 Qxf5 24. exf5 Re4 25. Bxh6 Bf6 26. Bxg7+ Kxg7 27. Qh7+ Kf8 28. Nxf6 Re7 29.
Qg8# 1-0

[Event "Live Chess"]
[Site "Chess.com"]
[Date "2023.05.20"]
[Round "-"]
[White "ConorMaclaud"]
[Black "1600x"]
[Result "0-1"]
[WhiteElo "2109"]
[BlackElo "1317"]
[TimeControl "300"]
[EndTime "9:32:48 PDT"]
[Termination "1600x won by checkmate"]

1. Nf3 e5 2. Nxe5 Nc6 3. Nxc6 dxc6 4. e4 Bc5 5. Bc4 Qd4 6. Qe2 b5 7. Bb3 Ne7 8. O-O Bd6 9. d3 Qe5 10. f4 Qf6 11. e5 Bc5+ 12. Kh1 Qh4 13. c3 Nf5 14. d4 Ng3+ 15. Kg1 Nxe2+ 16. Kh1 Bb6 17. Nd2 Ng3+ 18. Kg1 Nxf1 19. Nf3 Qg4 20. Kxf1 Bb7 21. Bd1 c5 22. Be3 cxd4 23. Nxd4 Bxd4 24. Bxg4 Bxe3 25. Re1 Bd2 26. Re2 Rd8 27. g3 h5 28. Bh3 Bf3 29.
Rf2 f6 30. Rxf3 fxe5 31. fxe5 Rf8 32. Bf5 Rd5 33. Bg6+ Ke7 34. Rxf8 Kxf8 35. Ke2 Bc1 36. b3 Ba3 37. Bd3 a6 38. Kd2 c6 39. b4 Kf7 40.
Kc2 Ke6 41. c4 Rd8 42. Be4 c5 43. Bd5+ Kxe5 44. Kb3 cxb4 45. Bb7 Rd3+ 46. Kc2 bxc4 47. Bxa6 b3+ 48. axb3 Rxb3 49. Bxc4 Rb2+ 50. Kc3 Rxh2 51.
Kb3 Bc5 52. Bf7 Bd4 53. Kc4 Bf2 54. Bg6 Kf6 55. Be4 Bxg3 56. Kd3 g5 57. Ke3 g4 58.
Bd3 Bf2+ 59. Kf4 g3 60. Be4 g2 61. Bxg2 Bd4 62. Kf3 h4 63. Kg4 Rxg2+ 64. Kxh4 Rh2+ 65. Kg3 Re2 66. Kf3 Re3+ 67. Kf4 Bb6 68. Kg4 Bc7 69. Kh4 Kf5 70. Kh5 Rh3# 0-1

[Event "Live Chess"]
[Site "Chess.com"]
[Date "2023.05.20"]
[Round "-"]
[White "therealab0ne"]
[Black "MartinWalker4"]
[Result "0-1"]
[WhiteElo "677"]
[BlackElo "2087"]
[TimeControl "300"]
[EndTime "9:32:49 PDT"]
[Termination "MartinWalker4 won by resignation"]

1. e4 Nf6 2. Nc3 d5 3. Bb5+ c6 4. Ba4 dxe4 5. d3 exd3 6. cxd3 Bf5 7. Qf3 Qxd3 8. Qxd3 Bxd3 9. Nf3 Nbd7 10. Nd4 Nc5 11. Bc2 Bxc2 12. Nxc2 O-O-O 13. O-O e6 14. Bg5 Be7 15.
Nb4 Nd3 16. Nxd3 Rxd3 17. Rfe1 Bb4 18. Re3 Rhd8 19. Rd1 Rxd1+ 20. Nxd1 Rxd1+ 0-1

[Event "Live Chess"]
[Site "Chess.com"]
[Date "2023.05.20"]
[Round "-"]
[White "Ra2orLeaf"]
[Black "Ian-Morley"]
[Result "0-1"]
[WhiteElo "1148"]
[BlackElo "1085"]
[TimeControl "300"]
[EndTime "9:32:53 PDT"]
[Termination "Ian-Morley won by resignation"]

1. d4 e5 2. dxe5 Nc6 3. Nf3 Qe7 4. e6 dxe6 5. Bf4 Qb4+ 6. Nc3 Qxb2 7. Ne4 Bb4+ 8. c3 Bxc3+ 9. Nxc3 Qxc3+ 10. Bd2 Qf6 11. e3 Nge7 12. Bb5 Bd7 13. h4 O-O 14. h5 a6 15. Bd3 Ne5 16. Nxe5 Qxe5 17. h6 g6 18. Qb3 b5 19. Bc3 Qd5 20. Qc2 c5 21. Be4 Qg5 22. Bxa8 Rxa8 23. Qe4 Bc6 24. Qd3 Nd5 25.
Rd1 Nxc3 26. Qd8+ Rxd8 27. Rxd8+ 0-1

[Event "Live Chess"]
[Site "Chess.com"]
[Date "2023.05.20"]
[Round "-"]
[White "wot-not"]
[Black "CruisersCreek"]
[Result "1-0"]
[WhiteElo "1465"]
[BlackElo "1321"]
[TimeControl "300"]
[EndTime "9:33:02 PDT"]
[Termination "wot-not won on time"]

1. e4 c5 2. f4 d5 3. e5 Nh6 4. Nf3 Bg4 5. d4 cxd4 6. Bd3 Nc6 7.
O-O Qd7 8. Nbd2 Nf5 9. Nb3 a5 10. h3 Bxf3 11. Qxf3 a4 12. Nc5 Qc8 13. e6 fxe6 14.
Bxf5 exf5 15. Qxd5 e6 16. Qxe6+ Qxe6 17. Nxe6 Bd6 18.
Bd2 Kd7 19. Nxg7 Raf8 20. c3 Rhg8 21. Nh5 Rg6 22. Kh2 Rfg8 23. Rf2 Bc5 24. Re2 Re8 25. Rxe8 Kxe8 26. Re1+ Kf7 27. cxd4 Bxd4 28. Bc3 Rh6 29. Ng3 Bf2 30. Nxf5 Re6 31. Rxe6 Kxe6 32. Ng7+ Kf7 33. Nf5 Kg6 34. Nd6 b6 35. Ne4 Be3 36. g3 Nd4 37.
Bxd4 Bxd4 38. b3 axb3 39. axb3 Kf5 40. Nd6+ 1-0

[Event "Live Chess"]
[Site "Chess.com"]
[Date "2023.05.20"]
[Round "-"]
[White "jagbama"]
[Black "Ocelot32"]
[Result "0-1"]
[WhiteElo "1114"]
[BlackElo "1390"]
[TimeControl "300"]
[EndTime "9:33:03 PDT"]
[Termination "Ocelot32 won by resignation"]

1. e4 e6 2. Nf3 d5 3. e5 c5 4. c3 Nc6 5. d4 Qb6 6. Be3 cxd4 7.
Nxd4 Qxb2 8. Nd2 Qxc3 9. Nxc6 Qxc6 10. Rc1 Qd7 11. Bc5 Bxc5 12. Rxc5 Ne7 13. Bb5 Nc6 14.
O-O O-O 15. Nb3 a6 16. Bd3 Nxe5 17. Bc2 Ng6 18. Rc3 Qe7 19. Nd4 Bd7 20. Rh3 e5 21.
Nf5 Bxf5 22. Bxf5 Qg5 23. Bxg6 Qxg6 24. Qxd5 Rfe8 25. Re1 Rad8 26. Qe4 Qxe4 0-1

[Event "Live Chess"]
[Site "Chess.com"]
[Date "2023.05.20"]
[Round "-"]
[White "TobyQuaite"]
[Black "zdanevych"]
[Result "0-1"]
[WhiteElo "1698"]
[BlackElo "1502"]
[TimeControl "300"]
[EndTime "9:33:04 PDT"]
[Termination "zdanevych won on time"]

1. e4 c5 2. Nf3 e6 3. c3 d5 4.
exd5 exd5 5. d4 Nc6 6. Bb5 a6 7. Bxc6+ bxc6 8. O-O Bg4 9. h3 Bh5 10. Bf4 cxd4 11. cxd4 Be7 12. Nc3 Nf6 13. Re1 O-O 14. Rc1 Re8 15. Re3 Qb6 16. Na4 Qb5 17. Qc2 Bxf3 18.
Rxf3 Rac8 19. Nc3 Qb6 20. Ne2 Ne4 21. Rb3 Qa7 22. f3 Nd6 23. Bxd6 Bxd6 24. Qd3 Re6 25. Nc3 Rce8 26. Kf1 Re3 27. Qd2 Bg3 28. Na4 Qe7 29. Rxe3 Qxe3 30. Qxe3 Rxe3 31. Nc5 g6 32. Nxa6 Rd3 33.
Nb4 Rxd4 34. Nxc6 Rd2 35. a3 Kg7 36. Nb4 d4 37. Rc2 Rd1+ 38. Ke2 Rg1 39. Kd3 Be5 40.
Nc6 Bf6 41. Nxd4 Bxd4 42. Kxd4 Rd1+ 43. Kc3 Rd7 44. b4 Rc7+ 45. Kb3 Rb7 46. a4 Re7 47. a5 Kf8 48. Ka4 Ke8 49. b5 Rd7 50. a6 Kd8 51. Ka5 Rc7 0-1

[Event "Live Chess"]
[Site "Chess.com"]
[Date "2023.05.20"]
[Round "-"]
[White "SupremeTactician"]
[Black "seasidecastle27"]
[Result "1-0"]
[WhiteElo "2405"]
[BlackElo "1897"]
[TimeControl "300"]
[EndTime "9:33:04 PDT"]
[Termination "SupremeTactician won by checkmate"]

1. e4 d6 2. d4 e5 3. dxe5 Nc6 4. exd6 Bxd6 5. Nc3 Nf6 6. Bb5 Bd7 7. Bg5 h6 8. Bh4 g5 9. Bg3 Bxg3 10. hxg3 Qe7 11. Bxc6 Bxc6 12. Qd4 Rd8 13. Qe3 Nxe4 14. Nxe4 Qxe4 15. Nf3 Qxe3+ 16. fxe3 Ke7 17. Rd1 Rxd1+ 18. Kxd1 f6 19. c4 Bxf3+ 20. gxf3 Kf7 21. Ke2 h5 22. Rd1 Ke7 23. Kf2 Rd8 24. Rxd8 Kxd8 25. Kg2 Ke7 26. Kh3 f5 27. f4 Kf6 28. fxg5+ Kxg5 29. c5 a5 30. a4 Kh6 31. Kg2 Kg5 32. Kf3 Kf6 33. Kf4 Kg6 34. e4 fxe4 35. Kxe4 Kg5 36. c6 bxc6 37. b4 axb4 38. a5 b3 39. Kd3 Kg4 40. a6 Kxg3 41. a7 h4 42. a8=Q h3 43.
Qg8+ Kf2 44. Qh7 Kg2 45. Qg6+ Kh1 46. Qg4 h2 47. Ke2 b2 48. Kf2 b1=Q 49. Qg2# 1-0

[Event "Live Chess"]
[Site "Chess.com"]
[Date "2023.05.20"]
[Round "-"]
[White "azimchess2019"]
[Black "bedsdrout"]
[Result "1-0"]
[WhiteElo "1329"]
[BlackElo "100"]
[TimeControl "300"]
[EndTime "9:33:13 PDT"]
[Termination "azimchess2019 won by checkmate"]

1. d4 e6 2. c4 b5 3. cxb5 c5 4. dxc5 Bxc5 5. Nf3 Qf6 6. e3 Nh6 7. Nc3 Ng4 8. Ne4 Qg6 9. Nxc5 e5 10. h3 e4 11. hxg4 O-O 12. Nd4 d6 13. Ncb3 Bxg4 14. f3 Bh5 15. Be2 Qxg2 16. Rxh5 Rc8 17. fxe4 Na6 18. bxa6 Rc7 19. Bf3 Qg1+ 20. Ke2 Qg3 21. Nf5 Qg6 22. e5 dxe5 23. Qd6 Rac8 24. Ne7+ Kf8 25. Nxg6+ Ke8 26. Rxe5+ Re7 27. Qxe7# 1-0

[Event "Live Chess"]
[Site "Chess.com"]
[Date "2023.05.20"]
[Round "-"]
[White "Albul"]
[Black "wadsy27"]
[Result "0-1"]
[WhiteElo "2194"]
[BlackElo "2587"]
[TimeControl "300"]
[EndTime "9:33:16 PDT"]
[Termination "wadsy27 won on time"]

1. e4 c5 2. Nc3 e6 3. d3 Nc6 4. g3 Nf6 5. Bg2 Be7 6. f4 d5 7. e5 Nd7 8. Nf3 b5 9. O-O b4 10. Ne2 g6 11. c3 bxc3 12. bxc3 Ba6 13. Rf2 c4 14. d4 Qa5 15. g4 h5 16. h3 hxg4 17.
hxg4 O-O-O 18. Qc2 Nb6 19. a4 Rdg8 20. Ba3 Bxa3 21.
Rxa3 Nd8 22. Qb2 Bb7 23. Qb4 Nc6 24. Qxa5 Nxa5 25. Ng5 Rg7 26. Nc1 Bc6 27. Rfa2 Kd7 28. Bf3 Ke7 29. Bd1 Rgg8 30. Rh2 Rxh2 31. Kxh2 Rh8+ 32.
Kg2 Rb8 33. Bc2 Be8 34. Nh7 Nc8 35. Ra2 Nb3 36. Ne2 a5 37. Nf6 Nb6 38. Nxe8 Kxe8 39.
f5 gxf5 40. gxf5 exf5 41. Bxf5 Ke7 42. Nf4 Rg8+ 43. Kf2 Rh8 44. Kg2 Rh4 45. Ne2 f6 46. exf6+ Kxf6 47. Bc2 Ke6 48. Ra3 Nd2 49. Ra1 Kd6 50.
Rd1 Ne4 51. Rb1 Kc6 52. Rb5 Rg4+ 53. Kf3 Rg6 54. Rxa5 Rf6+ 55. Kg4 Rf2 56. Bxe4 dxe4 0-1

[Event "Live Chess"]
[Site "Chess.com"]
[Date "2023.05.20"]
[Round "-"]
[White "Hussamalhaidar"]
[Black "Kr1xot4_XGOD"]
[Result "0-1"]
[WhiteElo "961"]
[BlackElo "2199"]
[TimeControl "300"]
[EndTime "9:33:16 PDT"]
[Termination "Kr1xot4_XGOD won by checkmate"]

1. b3 d5 2. Bb2 c5 3. e3 Nf6 4.
d3 d4 5. exd4 cxd4 6. Nf3 e5 7.
Nxe5 Bb4+ 8. c3 dxc3 9. Bxc3 Nd5 10. Nxf7 Nxc3 11. Nxc3 Bxc3+ 12. Ke2 Kxf7 13. Rc1 Qe7+ 14. Kf3 Qf6+ 15. Kg3 Qg5+ 16. Kf3 Qg4+ 17. Ke3 Re8# 0-1

[Event "Live Chess"]
[Site "Chess.com"]
[Date "2023.05.20"]
[Round "-"]
[White "boilerboy1"]
[Black "domrobson"]
[Result "1-0"]
[WhiteElo "1095"]
[BlackElo "1725"]
[TimeControl "300"]
[EndTime "9:33:18 PDT"]
[Termination "boilerboy1 won by resignation"]

1. e4 e5 2. Nf3 Nc6 3. Nc3 Nf6 4. Be2 Bb4 5. O-O d6 6. d3 Bg4 7.
Bg5 h6 8. Bh4 g5 9. Bg3 Be6 10.
a3 Bxc3 11. bxc3 h5 12. h4 g4 13. Ng5 Qe7 14. Nxe6 Qxe6 15. Re1 O-O 16. f3 Kh8 17. f4 b6 18. f5 Qc8 19. Qd2 Nh7 20. Qh6 1-0

[Event "Live Chess"]
[Site "Chess.com"]
[Date "2023.05.20"]
[Round "-"]
[White "PureMellowPlan"]
[Black "Jo1ts"]
[Result "1/2-1/2"]
[WhiteElo "606"]
[BlackElo "741"]
[TimeControl "300"]
[EndTime "9:33:28 PDT"]
[Termination "Game drawn - insufficient material"]

1. e4 d5 2. exd5 Qxd5 3. Nc3 Qd8 4. Nf3 Nc6 5. d4 Nf6 6. Be3 e6 7. Bb5 Bd7 8. Bxc6 Bxc6 9. O-O Bb4 10. Bd2 O-O 11. a3 Bd6 12. Ne5 Bd5 13. Nxd5 exd5 14. Nd3 Re8 15. Re1 Rxe1+ 16. Qxe1 Qd7 17. Bg5 Ng4 18.
f3 Nxh2 19. Bf4 Nxf3+ 20. gxf3 Bxf4 21. Nxf4 Qf5 22. Nd3 Qxf3 23. Qf2 Qxf2+ 24. Kxf2 h6 25. Re1 Rd8 26. Re7 Rc8 27. Re5 c6 28. Nb4 Rc7 29. Nd3 Rd7 30. Re8+ Kh7 31. Ne5 Rc7 32. Rf8 f6 33. Rf7 Rxf7 34. Nxf7 b6 35. Nd6 c5 36. dxc5 bxc5 37. b4 cxb4 38. axb4 Kg6 39. Nb7 Kf5 40. Ke3 Ke5 41. Kd3 Ke6 42. Kd4 Kd7 43. Nc5+ Kc6 44. c4 dxc4 45. Kxc4 g5 46. Ne4 f5 47. Nf6 g4 48.
Kd3 Kb5 49. Ke3 Kxb4 50. Kf4 a5 51. Kxf5 a4 52. Nxg4 a3 53. Nxh6 a2 54. Ng4 a1=Q 55. Ne5 Kc5 56. Nf7 Qf1+ 57. Kg6 Kd5 58. Kg7 Ke6 59.
Nd8+ Ke7 60. Nc6+ Ke8 61. Ne5 Qg2+ 62. Ng6 Qb7+ 63. Kh6 Kf7 64. Nf4 Qc6+ 65. Kg5 Qf6+ 66. Kg4 Kg7 67. Nh5+ Kg6 68. Nxf6 1/2-1/2

[Event "Live Chess"]
[Site "Chess.com"]
[Date "2023.05.20"]
[Round "-"]
[White "AwesomeFredster"]
[Black "JanMur7"]
[Result "0-1"]
[WhiteElo "1570"]
[BlackElo "1980"]
[TimeControl "300"]
[EndTime "9:33:31 PDT"]
[Termination "JanMur7 won by checkmate"]

1. e4 e5 2. Nf3 Nc6 3. Nc3 Nf6 4. d4 exd4 5. Nd5 Be7 6. Bc4 O-O 7. Nxe7+ Qxe7 8.
Nxd4 Qxe4+ 9. Be3 Nxd4 10. Qxd4 Qxd4 11. Bxd4 Re8+ 12. Kd2 Ne4+ 13. Kc1 c5 14. Bc3 Nxc3 15. bxc3 d6 16. Kb2 Be6 17. Bb5 Red8 18. Rhe1 a6 19. Ba4 b5 20. Bb3 c4 21. a4 cxb3 22. cxb3 Rab8 23.
axb5 Rxb5 24. Rxa6 Rxb3+ 25. Kc2 Rdb8 26. Re3 Bc4 27.
Re4 Rb2+ 28. Kc1 Rb1+ 29. Kd2 Bxa6 30. Ra4 Bf1 31. Ke3 Bxg2 32. Kd4 Re1 33. c4 Rb3 34. f3 Bxf3 35. c5 Re4+ 36. Kd5 Rxa4+ 37. Kxd6 Rd4+ 38.
Kc7 Rc3 39. Kc8 Rxc5+ 40. Kb8 Rb4+ 41. Ka7 Ra5# 0-1

[Event "Live Chess"]
[Site "Chess.com"]
[Date "2023.05.20"]
[Round "-"]
[White "Doge_Dandolo"]
[Black "nigelst"]
[Result "1-0"]
[WhiteElo "2077"]
[BlackElo "1849"]
[TimeControl "300"]
[EndTime "9:33:33 PDT"]
[Termination "Doge_Dandolo won on time"]

1. Nf3 Nf6 2. c4 e6 3. g3 Be7 4.
Bg2 O-O 5. O-O d5 6. d4 c6 7. Qc2 Na6 8. Nbd2 Nb4 9. Qb1 a5 10.
e4 dxe4 11. Nxe4 Nxe4 12. Qxe4 Bd7 13. Rd1 b5 14. a3 Na6 15. c5 Nc7 16. Ne5 Nd5 17.
h4 Bf6 18. Ng4 Be7 19. Bf4 f5 20. Qe2 fxg4 21. Be5 Bf6 22. Bd6 Be7 23. Be5 Nf6 24. a4 b4 25. b3 Qe8 26. Rd3 Qg6 27. Re1 Nd5 28. Rd2 Rf7 29. Be4 Qh6 30. Rc2 Raf8 31.
Qxg4 Nc3 32. Bd3 Rf3 33. Bf4 R3xf4 34. gxf4 Rxf4 35. Qg3 Rxh4 36. Be4 Rh3 37. Qb8+ Bf8 38. Bg2 Rh5 39. Re5 Rxe5 40. dxe5 Qg6 41. Rd2 Qb1+ 42. Kh2 Qg6 43. Rxd7 Qh5+ 44. Bh3 Ne2 45. Rd3 Qg5 46. Rg3 1-0

[Event "Live Chess"]
[Site "Chess.com"]
[Date "2023.05.20"]
[Round "-"]
[White "friarnator"]
[Black "Tushinskiy"]
[Result "0-1"]
[WhiteElo "1989"]
[BlackElo "2109"]
[TimeControl "300"]
[EndTime "9:33:34 PDT"]
[Termination "Tushinskiy won by resignation"]

1. d4 d5 2. Nc3 c6 3. Bf4 Nf6 4. e3 e6 5. Nf3 Bd6 6. Ne5 Qe7 7.
Bd3 Nbd7 8. g4 h6 9. Rg1 a6 10.
h4 c5 11. g5 hxg5 12. hxg5 Nh5 13. g6 Bxe5 14. gxf7+ Kd8 15. dxe5 Nxf4 16. exf4 Qxf7 17. Qg4 Rf8 18. Ne2 c4 19. Bg6 Qe7 20. Nd4 Nc5 21. O-O-O Kc7 22. f5 exf5 23. Bxf5 Qxe5 24. Qxg7+ Qxg7 25. Rxg7+ Kb6 26. Bxc8 Raxc8 27. f3 Rf6 28. Re1 Rc7 29.
Rxc7 Kxc7 30. Re7+ Kb6 31. Kd2 Rh6 32. Nf5 Rh2+ 33. Re2 Rh3 34. Rf2 Ne6 35. Ne7 Kc5 36. f4 Rh8 37. f5 Ng5 38. Ng6 Ne4+ 39. Ke3 Re8 40. Rh2 d4+ 41. Kf4 d3 42. cxd3 cxd3 43.
Ne5 d2 44. Rh1 Nf2 45. Nd7+ Kd6 0-1

[Event "Live Chess"]
[Site "Chess.com"]
[Date "2023.05.20"]
[Round "-"]
[White "MJMykh"]
[Black "Delacorta"]
[Result "1-0"]
[WhiteElo "1035"]
[BlackElo "1385"]
[TimeControl "300"]
[EndTime "9:33:41 PDT"]
[Termination "MJMykh won by resignation"]

1. e4 e6 2. Nf3 d5 3. exd5 exd5 4. Nc3 Nf6 5. Bb5+ c6 6. Bd3 Bd6 7. O-O O-O 8. h3 Re8 9. Be2 Bf5 10. d3 Qc7 11. Bg5 Nbd7 12. Bxf6 Nxf6 13. Re1 Bd7 14.
d4 Ne4 15. Bd3 Nxc3 16. Rxe8+ Rxe8 17. bxc3 c5 18. dxc5 Bxc5 19. Ng5 Qf4 20. Nf3 h6 21. Qd2 Qxd2 22. Nxd2 Bc6 23. Nb3 Bb6 24. c4 dxc4 25. Bxc4 Re4 26. Bd3 Re5 27. a4 Bd5 28. Nd2 Ba5 29.
Nc4 Bxc4 30. Bxc4 Re7 31. Bb5 Rc7 32. c4 Re7 33. c5 Rc7 34. Rc1 Bb4 35. c6 bxc6 36.
Rxc6 Rxc6 37. Bxc6 Kf8 38. Bb5 Ke7 39. Kf1 Kd6 40. Ke2 f5 41. Kd3 g5 42. g3 a5 43. f3 Ke5 44. Ke3 Bc5+ 45. Kd3 h5 46.
Kc4 Bf2 47. g4 hxg4 48. hxg4 fxg4 49. fxg4 Kf4 50. Kd3 Kxg4 51. Ke2 Bb6 52. Kf1 Kg3 53. Bc6 Kh2 54. Bg2 g4 55. Be4 Kg3 56. Ke2 Kf4 57.
Bh1 g3 58. Kf1 Ke3 59. Kg2 Bc7 60. Kh3 Kd4 61. Bg2 Kc3 62. Bd5 Kb4 63. Bc6 g2 64. Kxg2 Bd6 65. Kf3 Ka3 66. Ke4 Kb4 67. Kd5 Ka3 68. Kxd6 Kb4 69. Kc7 Kc5 70. Kb7 Kb4 71.
Bb5 Kc5 72. Ka6 Kb4 73. Kb6 Ka3 74. Kxa5 Kb3 75. Kb6 Kb4 76. a5 Ka3 77. a6 Kb4 78. a7 Ka3 79. a8=Q+ Kb4 80. Qa5+ 1-0

[Event "Live Chess"]
[Site "Chess.com"]
[Date "2023.05.20"]
[Round "-"]
[White "lucaskk818"]
[Black "BMT6"]
[Result "1-0"]
[WhiteElo "1886"]
[BlackElo "584"]
[TimeControl "300"]
[EndTime "9:33:41 PDT"]
[Termination "lucaskk818 won by checkmate"]

1. d4 d5 2. c4 e6 3. Nf3 dxc4 4.
Qa4+ Nc6 5. Qxc4 Bb4+ 6. Bd2 Bxd2+ 7. Nbxd2 e5 8. dxe5 Nxe5 9. Nxe5 Be6 10. Qc2 f6 11.
Nef3 Qd5 12. e3 O-O-O 13. Bc4 Qd7 14. Bxe6 Qxe6 15. O-O-O Qxa2 16. Nb3 Rxd1+ 17. Rxd1 Ne7 18. Qd3 b6 19. Nh4 Nc6 20. Nd4 Rd8 21. Qf5+ Kb7 22. Qf3 Qa1+ 23. Kd2 Qxb2+ 24. Ke1 Qc3+ 25. Kf1 Qc4+ 26.
Kg1 Ka6 27. Nxc6 Rxd1+ 28. Qxd1 Qxc6 29. Nf3 g5 30. Nd4 Qd6 31. Qa4+ Kb7 32. h3 h5 33. Nb5 Qe5 34. Qxa7+ Kc6 35. Nd4+ Kd5 36. Qb7+ Kc5 37. Qc6+ Kb4 38. Nc2+ Kb3 39. Nd4+ Kb2 40.
Qa4 g4 41. Qb3+ Kc1 42. Qc2# 1-0

[Event "Live Chess"]
[Site "Chess.com"]
[Date "2023.05.20"]
[Round "-"]
[White "lamteama1"]
[Black "YF22Raptor"]
[Result "1-0"]
[WhiteElo "927"]
[BlackElo "999"]
[TimeControl "300"]
[EndTime "9:33:41 PDT"]
[Termination "lamteama1 won by resignation"]

1. e4 c6 2. d3 d5 3. Nd2 dxe4 4. dxe4 e6 5. Ngf3 Bd6 6. Be2 Nd7 7. Nc4 Qc7 8.
Nxd6+ Qxd6 9. Qxd6 Ne7 10. Be3 O-O 11. Qxe7 1-0

[Event "Live Chess"]
[Site "Chess.com"]
[Date "2023.05.20"]
[Round "-"]
[White "ickabod1100"]
[Black "Inglaterra"]
[Result "0-1"]
[WhiteElo "929"]
[BlackElo "2083"]
[TimeControl "300"]
[EndTime "9:33:46 PDT"]
[Termination "Inglaterra won by checkmate"]

1. e4 d6 2. d4 Nf6 3. Nc3 g6 4. e5 dxe5 5. dxe5 Qxd1+ 6. Nxd1 Ng4 7. Nf3 Nc6 8. Bf4 Bg7 9. Ne3 Ngxe5 10. Nxe5 Nxe5 11.
O-O-O c6 12. Be2 Be6 13. a3 O-O 14. Rhe1 Rad8 15. Rxd8 Rxd8 16. Bf1 Kf8 17. Rd1 Rxd1+ 18. Nxd1 Nc4 19. Nc3 Nxa3 20. bxa3 Bxc3 21. Bb8 a6 22. Bf4 Bd5 23. f3 e5 24. Bh6+ Ke7 25. Bd3 f5 26. Bg5+ Kd6 27. f4 e4 28. Be2 b5 29. h3 Kc5 30. Kd1 Bc4 31. Be7+ Kd5 32. Bxc4+ Kxc4 33. g4 c5 34. gxf5 gxf5 35. h4 a5 36. h5 b4 37.
a4 Kd4 38. Ke2 c4 39. Bd8 e3 40. Bxa5 b3 41. Bxc3+ Kxc3 42. cxb3 cxb3 43. a5 b2 44. a6 b1=Q 45. Kxe3 Qe1+ 46. Kf3 Kd3 47. a7 Qe4+ 48. Kg3 Ke2 49. Kh4 Qxf4+ 50. Kh3 Kf2 51. a8=Q Qg3# 0-1